 Dungeon Crawl Stone Soup version 0.20.0-8-g6b59dc7 (webtiles) character file.

151 shpingle the Skirmisher (level 5, -11/41 HPs)
             Began as a Mummy Arcane Marksman on May 31, 2017.
             Mangled by an orc warrior
             ... wielding a +0 scimitar
              (21 damage)
             ... on level 3 of the Dungeon.
             The game lasted 00:11:07 (2171 turns).

shpingle the Skirmisher (Mummy Arcane Marksman)     Turns: 2171, Time: 00:11:07

Health: -11/41     AC:  9    Str: 15    XL:     5   Next: 11%
Magic:  0/8        EV: 12    Int: 12    God:
Gold:   154        SH:  0    Dex: 12    Spells: 2/8 levels left

rFire    x . .     SeeInvis .   a - +1 shortbow
rCold    + . .     Gourm    .   (shield currently unavailable)
rNeg     + + +     Faith    .   o - +2 robe {MR+}
rPois    ∞         Spirit   .   p - +0 helmet
rElec    .         Reflect  .   (no cloak)
rCorr    .         Harm     .   (no gloves)
MR       +....                  (no boots)
Stlth    +.........             (no amulet)
Regen    0.2/turn               i - +4 ring of protection
MPRegen  0.2/turn               (no ring)

@: no status effects
A: no food or potions, fire vulnerability, cold resistance 1, negative energy
resistance 3, torment resistance, unbreathing
a: no special abilities


You were on level 3 of the Dungeon.
You were not hungry.

You visited 1 branch of the dungeon, and saw 3 of its levels.

You collected 154 gold pieces.

Inventory:

Hand Weapons
 a - a +1 shortbow (weapon)
 b - a +0 short sword
Missiles
 d - 13 arrows (quivered)
 n - 34 stones
Armour
 e - a +0 robe
 o - a +2 robe of magic resistance (worn)
 p - a +0 helmet (worn)
Jewellery
 i - a +4 ring of protection (left hand)
 m - an uncursed ring of protection from magic {unknown}
Scrolls
 g - a scroll of fog {unknown}
 h - a scroll of blinking {unknown}
 j - a scroll of remove curse {unknown}
 k - a scroll of teleportation {unknown}
 l - a scroll of fear {unknown}
 q - a scroll of enchant armour {unknown}
Books
 c - a book of Debilitation

   Spells                             Type                      Level
   a - Corona                         Hexes                        1
   b - Slow                           Hexes                        2
   c - Inner Flame                    Hexes/Fire                   3
   d - Portal Projectile              Hexes/Translocation          3
   e - Cause Fear                     Hexes                        4
   f - Leda's Liquefaction            Hexes/Earth                  4


   Skills:
 + Level 3.3 Fighting
 + Level 2.6 Bows
 - Level 1.5 Dodging
 + Level 2.0 Spellcasting
 + Level 2.9 Hexes
 + Level 1.2 Translocations


You had 2 spell levels left.
You knew the following spells:

 Your Spells              Type           Power        Failure   Level  Hunger
a - Corona                Hex            #......      9%          1    N/A
b - Portal Projectile     Hex/Tloc       #.....       34%         3    N/A
c - Slow                  Hex            #.......     12%         2    N/A

Dungeon Overview and Level Annotations

Branches:
Dungeon (3/15)

Altars:
Ashenzari
Nemelex Xobeh


Innate Abilities, Weirdness & Mutations

You do not eat or drink.
Your flesh is vulnerable to fire.
You are immune to poison.
Your flesh is cold resistant. (rC+)
You are immune to negative energy. (rN+++)
You are immune to unholy pain and torment.
You can survive without breathing.


Message History

Firing (i - inventory. (,) - cycle):
d - 15 arrows (quivered)
Press: ? - help, Shift-Dir - straight line, f/p - orc warrior
Aim: an orc warrior, wielding a scimitar and wearing a plate armour (severely wounded)
You shoot an arrow.
The arrow closely misses the orc warrior.
The orc warrior hits you with a scimitar!
* * * LOW HITPOINT WARNING * * *
You take 7 damage, and have 10/41 hp.
As you read the scroll labeled DONEUTA AW BENETH, it crumbles to dust.
It is a scroll of enchant weapon.
Your +0 shortbow glows red for a moment.
Firing (i - inventory. (,) - cycle):
d - 14 arrows (quivered)
Press: ? - help, Shift-Dir - straight line, f/p - orc warrior
Aim: an orc warrior, wielding a scimitar and wearing a plate armour (severely wounded)
You shoot an arrow.
The arrow hits the orc warrior but does no damage.
The orc warrior is severely wounded.
The orc warrior hits you with a scimitar!!
Ouch! That really hurt!
You die...

██ .. █( █.
...███o███
....({o█.██
.████@..███.████
█.......†........
██████...███.███.
██.██ █.█ █.█


██'██ ███ ██...██ ..█ ██.....██ ██.█ You could see an orc warrior and an orc.

Vanquished Creatures
  Jessica (D:2)
  6 adders
  A worm (D:3)
  A dart slug (D:1)
  2 leopard geckos
  6 orcs (D:3)
  4 giant cockroaches
  8 goblins
  8 hobgoblins
  3 jackals (D:1)
  A ball python (D:1)
  8 bats
  A frilled lizard (D:2)
  5 kobolds
  3 rats
58 creatures vanquished.

Notes
Turn   | Place    | Note
-------+----------+-------------------------------------------
     0 | D:1      | shpingle the Mummy Arcane Marksman began the quest for the Orb.
     0 | D:1      | Reached XP level 1. HP: 15/15 MP: 2/2
   223 | D:1      | Reached XP level 2. HP: 20/22 MP: 4/4
   452 | D:1      | Reached skill level 2 in Fighting
  1131 | D:1      | Reached XP level 3. HP: 21/28 MP: 5/5
  1219 | D:2      | Noticed Jessica
  1240 | D:2      | Killed Jessica
  1240 | D:2      | Reached skill level 3 in Fighting
  1261 | D:2      | Learned a level 3 spell: Portal Projectile
  1331 | D:2      | Reached XP level 4. HP: 35/35 MP: 6/6
  1536 | D:2      | Found a sparkling altar of Nemelex Xobeh.
  1537 | D:2      | Found a shattered altar of Ashenzari.
  1806 | D:3      | Learned a level 2 spell: Slow
  2119 | D:3      | Reached XP level 5. HP: 41/41 MP: 7/7
  2154 | D:3      | Noticed an orc warrior
  2171 | D:3      | Mangled by an orc warrior

Skill      XL: |  1  2  3  4  5 |
---------------+----------------+-----
Fighting       | 2 3 |  3.3
Bows           | 2 |  2.6
Translocations | 1 |  1.2
Spellcasting   | 2 |  2.0
Dodging        | |  1.5
Hexes          | |  2.9

Action                   |  1- 3 |  4- 6 || total
-------------------------+-------+-------++-------
Melee: Short sword       |   100 |   126 ||   226
 Fire: Shortbow          |    15 |    50 ||    65
Throw: Stone             |     1 |    16 ||    17
 Cast: Slow              |       |     4 ||     4
  Use: Scroll            |       |     1 ||     1
Armor: Robe              |    28 |    57 ||    85
Dodge: Dodged            |    79 |    97 ||   176
